 Dungeon Crawl Stone Soup version 0.31-a0-496-g6f97920a28 (webtiles) character file.

Game seed: 6332017441621030644

57 randomguy2701 the Stinger (level 4, 0/27 HPs)
             Began as an Octopode Venom Mage on Aug 8, 2023.
             Slain by an ice beast (4 damage)
             ... on level 3 of the Dungeon.
             The game lasted 00:02:12 (2282 turns).

randomguy2701 the Stinger (Octopode Venom Mage)     Turns: 2282, Time: 00:02:14

Health: 0/27       AC:  1    Str:  7    XL:     4   Next: 0%
Magic:  1/7        EV: 13    Int: 19    God:
Gold:   177        SH:  0    Dex: 12    Spells: 7/8 levels left

rFire   x . .        (no weapon)
rCold   + . .        (no shield)
rNeg    . . .        (helmet restricted)
rPois   .            (no amulet)
rElec   .            c - ring of ice
rCorr   .            (no ring)
SInv    .            (no ring)
Will    .....        (no ring)
Stlth   +++          (no ring)
HPRegen 0.24/turn    (no ring)
MPRegen 0.10/turn    (no ring)
                     (no ring)

%: no passive effects
@: very slightly contaminated
A: almost no armour, amphibious, 8 rings, camouflage 1, gelatinous body 1,
(nimble swimmer 1), tentacles
a: no special abilities


You were on level 3 of the Dungeon.
You visited 1 branch of the dungeon, and saw 3 of its levels.

You collected 177 gold pieces.

Inventory:

Jewellery
 c - a ring of ice (left tentacle)
Wands
 o - a wand of mindburst (12)
Scrolls
 b - a scroll of fear {unknown}
 e - 2 scrolls of immolation {unknown}
 f - 2 scrolls of revelation {unknown}
 g - 2 scrolls of teleportation {unknown}
 i - a scroll of fog {unknown}
 j - a scroll of poison {unknown}
 k - a scroll of amnesia {unknown}
 m - a scroll of acquirement {unknown}
 n - 2 scrolls of noise {unknown}
Potions
 a - a potion of magic
 d - a potion of enlightenment {unknown}
 h - 2 potions of might {unknown}
 l - a potion of brilliance {unknown}


   Skills:
 + Level 2.3 Dodging
 * Level 3.1 Stealth
 + Level 2.5 Spellcasting
 + Level 1.9 Transmutations
 + Level 4.3 Poison Magic


You had 7 spell levels left.
You knew the following spells:

 Your Spells              Type           Power      Damage    Failure   Level
a - Sting                 Tmut/Pois      56%        1d5       4%          1

Your spell library contained the following spells:

 Spells                   Type           Power      Damage    Failure   Level
 Poisonous Vapours        Pois/Air       20%        N/A       10%         2
 Mephitic Cloud           Conj/Pois/Air  7%         N/A       26%         3
 Olgreb's Toxic Radiance  Pois           19%        N/A       26%         4


Dungeon Overview and Level Annotations

Branches:
Dungeon (3/15)

Altars:


Innate Abilities, Weirdness & Mutations

You cannot wear most types of armour.
You are amphibious.
You can wear up to eight rings at the same time.
Your skin changes colour to match your surroundings (Stealth+).
Your rubbery body absorbs attacks. (AC +1, EV +1)
((You are camouflaged when in or above water. (Stealth+)))
You have tentacles for arms and can constrict up to eight enemies at once.


Message History

The ice beast hits you. The ice beast freezes you. You resist.
The goblin hits you with a +0 club. The goblin attacks as you move away!
The goblin hits you but does no damage. The goblin attacks as you move away!
The goblin hits you with a +0 club. The goblin attacks as you move away!
The goblin barely misses you.
Things that are here:
a +0 whip; 2 poisoned darts; a kobold corpse The goblin attacks as you move away!
The goblin barely misses you.
The sting hits the goblin but does no damage.
The goblin is poisoned.
The goblin hits you but does no damage.
Casting: Sting (safe; 4% risk of failure)
Confirm with . or Enter, or press ? or * to list all spells.
Aiming: Sting (safe; 4% risk of failure)
Press: ? - help, Shift-Dir - straight line, f - ice beast, p - goblin
Aim: an ice beast (heavily wounded, poisoned, 71% to hit)
The sting hits the goblin but does no damage.
The goblin looks even sicker.
The goblin is moderately wounded.
The goblin hits you with a +0 club.
Casting: Sting (safe; 4% risk of failure)
Confirm with . or Enter, or press ? or * to list all spells.
Aiming: Sting (safe; 4% risk of failure)
Press: ? - help, Shift-Dir - straight line, f/p - ice beast
Aim: an ice beast (heavily wounded, poisoned, 71% to hit)
The sting misses the goblin.
The sting misses the ice beast.
You kill the goblin!
You have reached level 4!
The ice beast attacks as you move away! The ice beast hits you.
The ice beast freezes you. You resist.
* * * LOW HITPOINT WARNING * * *
The ice beast attacks as you move away! The ice beast barely misses you.
Casting: Sting (safe; 4% risk of failure)
Confirm with . or Enter, or press ? or * to list all spells.
Aiming: Sting (safe; 4% risk of failure)
Press: ? - help, Shift-Dir - straight line, f/p - ice beast
Aim: an ice beast (severely wounded, poisoned, 71% to hit)
You miscast Sting.
You are very lightly contaminated with residual magic.
Nothing appears to happen.
The ice beast hits you.
You die...

#..)........#
#............
#...........#
#...†..).....
#...........#
#...........#
#...........#
#...........#
#....@......#
#...Y.......#
#...........#
#...........#
#######...........#
#...).............#
#)#################
#.# #Y#


You could see an ice beast (poisoned).

Vanquished Creatures
  An adder (D:2)
  A dart slug (D:2)
  A bat (D:1)
  3 endoplasms
  2 giant cockroaches
  9 goblins
  5 hobgoblins
  3 jackals (D:2)
  4 kobolds
  5 ball pythons
  2 frilled lizards
  5 rats
41 creatures vanquished.

Notes
Turn   | Place    | Note
-------+----------+-------------------------------------------
     0 | D:1      | randomguy2701 the Octopode Venom Mage began the quest for
                  | the Orb.
     0 | D:1      | Reached XP level 1. HP: 11/11 MP: 3/3
   304 | D:1      | Reached XP level 2. HP: 16/17 MP: 0/5
   401 | D:1      | Reached skill level 4 in Poison Magic
  1248 | D:2      | Reached XP level 3. HP: 21/21 MP: 3/6
  2257 | D:3      | Noticed an ice beast
  2276 | D:3      | Reached XP level 4. HP: 11/27 MP: 1/7
  2282 | D:3      | Slain by an ice beast

Illustrated notes

Levels and vault maps discovered:
D:1:      heliophobic_arrival_ceremonial_halls, layout_basic,
          minmay_tetromino_s4
D:2:      layout_basic
D:3:      layout_basic, chequers_serial_rivers_micro_d

Skill      XL: |  1  2  3 |
---------------+----------+-----
Poison Magic   | 4 |  4.3
Stealth        | 3 |  3.1
Dodging        | |  2.3
Spellcasting   | |  2.5
Transmutations | |  1.9

Action                     |  1- 3 |  4- 6 || total
---------------------------+-------+-------++-------
  Melee: Unarmed           |    13 |       ||    13
         Constrict         |     4 |       ||     4
         Tentacles         |     3 |       ||     3
   Cast: Sting             |    76 |       ||    76
 Armour: Skin              |     5 |       ||     5
  Dodge: Dodged            |    34 |     1 ||    35

Table legend: (Time is in decaauts)
 A = Elapsed time spent in this place.
 B = Non-inter-level travel time spent in this place.
 C = Inter-level travel time spent in this place.
 D = Time resting spent in this place.
 E = Time spent auto-exploring this place.
 F = Levels seen in this place.
 G = Mean time per level.
                   A        B        C        D        E       F      G
               +--------+--------+--------+--------+--------+-----+--------+
         Total |   2281 |   2238 |     43 |      0 |   1968 |   3 |  760.3 |
       Dungeon |   2281 |   2238 |     43 |      0 |   1968 |   3 |  760.3 |
               +--------+--------+--------+--------+--------+-----+--------+

Top non-repeatable levels by time:
     D:1: 1006 daAuts
     D:2: 790 daAuts
     D:3: 484 daAuts
